Tilon, neutral male gnomish Wizard --- ---- ------ |..--..| -------..|.--- ---- |......| |..|.|.......--- ---|..-- --....----- |..............| ---- |..|...-- --..^.%..| |..............| |..| ----....f.@| ----.--.--- --.............-- ---..| ------.........-- |.||...| ------.|....%....[.| |....| --........-..---- ----|.|---.--- |..------..........-- |.--.| |...*.)......| ---...|.| |...| |.^.| ----........-----.||.| | --............--------.....|.| ---.--- ---.-| --.........--..||.| |.............................|.| |...|--....| |.............||.| ------............-------.......---- ---.--....----- ---.----..--.--.||.| -->.......---- |.......I|.-- |...........| |...| ---...||.||.--- --......-- ----- --..........| |.......---.----.--------.---|.||...| ---|......|---...--- --.........-- |........-|...............| |.||-..-- ----.--......--.......---|......^...| |.........--...------------ |.||....-- |..............-........|---.......-- --..............| |.---....| |....|..................| |......-- |.....-------..| |..||....| ---.---.---.--....|.....| ----.--- ----.-- |...| |..|---.-- --- --- ------.---.---- --- --- --.-- ---- --- --- -- --- Tilon the Thaumaturge Experience level: 6 Strength: 10 Dexterity: 16 Constitution: 13 Intelligence: 19 Wisdom: 10 Charisma: 9 Health: 10(45) Energy: 17(66) Def: 3 Gold: 482 Moves: 4016 Dungeon seed: vKUp-9NvII2cWdNp Game ID: Tilon_1485472042 Your Inventory: Coins $ - 482 gold pieces Weapons a - a blessed +1 quarterstaff (weapon in hands) I - a +0 elven dagger Armor e - an uncursed +0 cloak of magic resistance (being worn) n - an uncursed +0 pair of jumping boots (being worn) R - an uncursed +0 orcish helm (being worn) Comestibles o - an uncursed tin of brown mold t - 2 uncursed food rations Scrolls i - an uncursed scroll of light j - 2 uncursed scrolls of identify q - an uncursed scroll of create monster x - an uncursed scroll of destroy armor y - an uncursed scroll of blank paper Spellbooks k - a blessed spellbook of force bolt l - an uncursed spellbook of detect monsters p - an uncursed spellbook of confuse monster s - an uncursed spellbook of cause fear Potions f - an uncursed potion of confusion g - an uncursed potion of oil h - an uncursed potion of speed u - a cursed potion of paralysis A - an uncursed potion of see invisible K - an uncursed potion of healing L - an uncursed potion of paralysis O - an uncursed potion of water P - a blessed potion of extra healing Rings c - an uncursed +1 ring of increase accuracy (on left hand) d - an uncursed ring of warning (on right hand) V - an uncursed ring of polymorph control Wands b - a wand of locking (0:5) Z - a wand of make invisible (0:7) Tools m - a magic marker (0:44) B - an uncursed skeleton key W - an uncursed mirror Gems r - an uncursed worthless piece of white glass w - an uncursed worthless piece of yellowish brown glass z - an uncursed amethyst stone C - 2 uncursed obsidian stones N - an uncursed worthless piece of red glass T - 2 uncursed worthless pieces of yellow glass Spells and supernatural/magical abilities: Name Level Category Fail Memory a - force bolt 1 attack 0% 80% n - detect monsters 1 divination 0% 80% u - confuse monster 2 enchantment 0% 82% W - pray for help -- divine ? -- Y - supernatural jump -- ability ? -- Your skills at the end: Fighting Skills Weapon Skills quarterstaff [Basic] Spellcasting Skills attack spells [Basic] enchantment spells [Basic] Final Attributes: You were piously aligned. You were magic-protected. You were warned. You had infravision. You aggravated monsters. You could jump. You had a +1 bonus to hit. You were unlucky. You survived. Vanquished creatures: a leprechaun an ape a bugbear a pony a fog cloud a shrieker a gnome lord a gray ooze a baby crocodile a little dog a floating eye a homunculus a kobold shaman 7 hill orcs 3 rothes a giant bat 7 orc zombies 2 dwarf zombies a wererat an iguana 2 coyotes a gas spore a hobbit 19 manes a large kobold a brown mold a yellow mold a green mold 3 gnomes a garter snake 2 gnome zombies 4 geckos 4 jackals 2 foxes 2 kobolds 2 sewer rats 2 grid bugs 2 bats 9 lichens a kobold zombie 5 newts 101 creatures vanquished. Voluntary challenges: You were an atheist. You used a wielded weapon 49 times, starting on turn 106. You read items or engraved 6 times, starting on turn 415. You never genocided any monsters. You never polymorphed an object. You never changed form. You used no wishes. You never split a pudding. You never wrote Elbereth's name. You violated your moral code, losing 11 points of alignment, starting on turn 3933. Dungeon overview: The Dungeons of Doom: levels 1 to 4 Level 1 a long staircase Level 2 a fountain Level 3 a general store, a sink Level 4 a fountain stairs to The Gnomish Mines The Gnomish Mines: levels 5 to 7 Level 5 stairs to The Dungeons of Doom Level 6 Level 7 <- You were here History has recorded: On T:1 you entered the Dungeons of Doom to retrieve the Amulet of Yendor! On T:540 you reached level 2 of The Dungeons of Doom. On T:961 you reached level 3 of The Dungeons of Doom. On T:1397 you reached level 4 of The Dungeons of Doom. On T:1754 you advanced to experience level 2. On T:1931 you reached level 1 of The Gnomish Mines. On T:1977 you advanced to experience level 3. On T:2173 you advanced to experience level 4. On T:2747 you reached level 2 of The Gnomish Mines. On T:2895 you advanced to experience level 5. On T:3281 you reached level 3 of The Gnomish Mines. On T:3910 you advanced to experience level 6. Score breakdown: Gold: 482 ( 9129 points) Experience: 6 levels (12456 points) Exploration: 7 levels ( 14.58%) (10718 points) Discoveries: 2 items ( 0.69%) ( 2495 points) Valuables value: (no points given unless you survive) Artifact value: 0 ( 0 points) Variety of kills: 41 monsters ( 10.76%) ( 9841 points) Turncount: 4016 turns (-1030 points) Survival: quit (score multiplied by 90%) Total score: 39248 Latest messages: The spell hits the gnome lord! You kill the gnome lord! Wizard needs food, badly! Your movements are slowed slightly because of your load. Never mind. You see here a gnome lord corpse. This gnome lord corpse tastes terrible! You cannibal! You will regret this! You don't feel so weak now. Your movements are now unencumbered. You finish eating the gnome lord corpse. Never mind. You are empty handed. a - a blessed +1 quarterstaff (alternate weapon; not wielded). You are now wielding your quarterstaff. You have no secondary weapon readied. Final status: Goodbye Tilon the Wizard, quit... You quit in The Gnomish Mines on dungeon level 7 with 39248 points, and 482 pieces of gold, after 4016 moves. You were level 6 with a maximum of 45 hit points when you quit.